 Dungeon Crawl Stone Soup version 0.25.1-11-g244df3a29b (webtiles) character file.

Game seed: 14241154434296021466

78437 tkbsonic5 the Covert (level 15, -35/81 HPs)
             Began as a Vine Stalker Assassin on Apr 10, 2023.
             Was the Champion of Okawaru.
             Shot with a bolt by Vashnia (36 damage)
             ... on level 2 of the Snake Pit on May 12, 2023.
             The game lasted 03:16:39 (25511 turns).

tkbsonic5 the Covert (Vine Stalker Assassin)       Turns: 25511, Time: 03:16:40

Health: -35/81     AC: 18    Str: 26      XL:     15   Next: 60%
Magic:  0/23       EV: 23    Int: 10 (11) God:    Okawaru [******]
Gold:   1005       SH:  9    Dex: 21      Spells: 10/15 levels left

rFire    + . .     SeeInvis .   p - +12 Vampire's Tooth {vamp, Beeyonce Stinger (18/17) "Vulnerability"}
rCold    + . .     Gourm    .   l - +2 buckler {rC+ rF+} {(5)}
rNeg     . . .     Faith    +   n - +1 swamp dragon scales {8}
rPois    +         Spirit   +   O - +2 hat {(2)}
rElec    .         Reflect  .   v - scarf {harm} {sasha fierce (dangerous)}
rCorr    .         Harm     +   x - +1 pair of gloves {Dex+3}
MR       +....                  t - +0 pair of boots
Stlth    ++++++++..             G - amulet of faith {Allegience to Queen Bee (Bee-Yonce)}
HPRegen  1.03/turn              C - ring of stealth
MPRegen  0.18/turn              m - +6 ring of strength

@: lethally poisoned (-35 -> -36), about to teleport, heroism, finesse
A: fangs 3, agile 1, deterioration 1, regeneration 2, magic shield, antimagic
bite, no potion heal 3, rot immunity
a: Heroism, Finesse, Renounce Religion


You were on level 2 of the Snake Pit.
You worshipped Okawaru.
Okawaru was exalted by your worship.
You were not hungry.

You visited 3 branches of the dungeon, and saw 23 of its levels.

You collected 1817 gold pieces.
You spent 812 gold pieces at shops.

Inventory:

Hand Weapons
 d - a +3 hunting sling of freezing {(4/9+)}
 p - the +12 Vampire's Tooth (weapon) {vamp, Beeyonce Stinger (18/17) "Vulnerability"}
   (You found it on level 15 of the Dungeon)

   It inflicts no extra harm, but heals its wielder when it wounds a living foe.
 I - the +4 arbalest of Metiw {elec, rElec rPois rN++ MP-9, sweet trip}
   (You found it on level 10 of the Dungeon)

   It charges the ammunition it shoots with electricity; occasionally upon a
   hit, such missiles may discharge and cause terrible harm.
   It insulates you from electricity.
   It protects you from poison.
   It greatly protects you from negative energy.
   It affects your magic capacity (-9).
 P - a +3 scimitar of flaming {(3/14)}
Missiles
 u - 5 atropa-tipped darts
 H - 91 sling bullets
 K - 18 boomerangs {High Notes}
 N - 2 silver javelins (quivered)
 S - 60 poisoned darts
 Z - 4 javelins
Armour
 c - a +0 cloak {(1)}
 j - a +0 plate armour {(10)}
 l - a +2 buckler of resistance (worn) {(5)}
 n - +1 swamp dragon scales (worn) {8}
 t - a +0 pair of boots (worn)
 v - a scarf of harm (worn) {sasha fierce (dangerous)}
 x - a +1 pair of gloves of dexterity (worn)
 B - a +0 robe of magic resistance
 M - +0 fire dragon scales {(8)}
 O - a +2 hat (worn) {(2)}
Jewellery
 a - an uncursed ring of stealth
 m - a +6 ring of strength (right hand)
 o - an uncursed ring of positive energy {hail mary}
 s - an uncursed ring of see invisible
 C - a ring of stealth (left hand)
 E - an uncursed ring of resist corrosion
 G - an amulet of faith (around neck) {Allegience to Queen Bee (Bee-Yonce)}
 J - an uncursed ring of protection from cold
 Q - an uncursed ring of ice
 T - an uncursed ring of protection from cold
 U - an uncursed amulet of magic regeneration {Deja-Vu}
Wands
 q - a wand of flame (10)
 w - a wand of digging (5)
 F - a wand of enslavement (7)
Scrolls
 g - a scroll of identify
 k - a scroll of teleportation
 r - 5 scrolls of remove curse
 y - 4 scrolls of magic mapping
 R - a scroll of fog
Potions
 b - 2 potions of magic
 e - a potion of resistance
 h - 14 potions of curing
 z - 3 potions of flight
 A - 2 potions of stabbing
 D - 2 potions of berserk rage
 L - a potion of haste
Miscellaneous
 i - a tin of tremorstones (inert)
Comestibles
 f - 29 rations


   Skills:
 * Level 10.8(15.8) Fighting
 - Level 6.7(13.2) Short Blades
 - Level 7.1(13.4) Long Blades
   Level 2.8(8.9) Maces & Flails
   Level 0.1(7.4) Polearms
   Level 4.1(9.6) Staves
 - Level 4.5(10.5) Slings
 - Level 4.9(9.9) Crossbows
 - Level 4.9(10.8) Throwing
 * Level 7.8(12.8) Armour
 * Level 8.3(13.3) Dodging
 * Level 13.1(18.1) Stealth
 * Level 3.0(8.0) Shields
 - Level 0.7 Spellcasting
 - Level 1.0 Air Magic
 + Level 9.7 Invocations
 - Level 4.6 Evocations


You had 10 spell levels left.
You knew the following spells:

 Your Spells              Type           Power        Failure   Level  Hunger
a - Corona                Hex            #......      43%         1    ##.....
b - Shock                 Conj/Air       #...         36%         1    ##.....
c - Swiftness             Chrm/Air       #.......     52%         2    ###....
d - Freeze                Ice            #...         43%         1    ##.....

Your spell library contained the following spells:

 Spells                   Type           Power        Failure   Level  Hunger
 Magic Dart               Conj           #...         43%         1    ##.....
 Searing Ray              Conj           #.....       58%         2    ###....
 Slow                     Hex            #.......     58%         2    ###....
 Static Discharge         Conj/Air       #.......     75%         3    ####...
 Dazzling Flash           Conj/Hex       #.....       82%         3    ####...
 Frozen Ramparts          Ice            #.....       82%         3    ####...
 Inner Flame              Hex/Fire       #.......     82%         3    ####...
 Ozocubu's Armour         Chrm/Ice       #.......     82%         3    ####...
 Portal Projectile        Hex/Tloc       #.....       82%         3    ####...
 Airstrike                Air            #.........   97%         4    #####..
 Summon Lightning Spire   Summ/Air       #.......     98%         4    #####..
 Cause Fear               Hex            #.........   99%         4    #####..
 Fulminant Prism          Conj/Hex       #.........   99%         4    #####..
 Hailstorm                Conj/Ice       #.......     99%         4    #####..
 Iskenderun's Mystic Bla  Conj/Tloc      #.......     99%         4    #####..
 Leda's Liquefaction      Hex/Erth       #.........   99%         4    #####..
 Summon Ice Beast         Ice/Summ       #.......     99%         4    #####..
 Lightning Bolt           Conj/Air       #.........   100%        5    ######.
 Silence                  Hex/Air        #.........   100%        5    ######.
 Conjure Ball Lightning   Conj/Air       #.........   100%        6    #######
 Tornado                  Air            #.........   100%        9    #######


Dungeon Overview and Level Annotations

Branches:
Dungeon (15/15)            Temple (0/1) D:7            Lair (6/6) D:9
 Shoals (0/4) Lair:4        Snake (2/4) Lair:4        Slime (0/5) Lair:6
    Orc (0/2) D:10         Vaults (0/5) D:13         Depths (0/5) D:15

Altars:
Ashenzari
Dithmenos
Gozag
Hepliaklqana
Nemelex Xobeh
Okawaru
Qazlal
Sif Muna
Trog
Uskayaw
Zin
The Shining One
Jiyva

Shops:
D:6 *[=   D:13 *[

Annotations:
D:8 3 runed translucent doors, bisexualwizard's ghost, novice OpMo
D:10 2 transporters, roflc0ptic's ghost, novice OpTm
Lair:4 exclusion: oklob plant
Lair:6 3 runed translucent doors, Gadfly's ghost, journeyman TrGl
Snake:2 Vashnia


Innate Abilities, Weirdness & Mutations

You have razor-sharp teeth.
You heal very quickly.
When hurt, damage is shared between your health and your magic reserves.
Your bite disrupts and absorbs the magic of your enemies.
Potions cannot restore your health.
You are immune to rotting.
You are agile. (Dex +2)
Your body sometimes deteriorates upon taking damage.


Message History

Vashnia casts a spell.
The naga sharpshooter blinks!
The naga sharpshooter gestures wildly while chanting.
The naga sharpshooter magically shoots an arrow.
The arrow hits you but does no damage.
Okay, then.
Okay, then.
You puncture Vashnia!
You feel better.
You bite Vashnia, but do no damage.
Vashnia is severely wounded.
You puncture Vashnia! You bite Vashnia, but do no damage.
Vashnia is severely wounded.
The naga sharpshooter mumbles some strange words.
The naga sharpshooter magically shoots a bolt.
The bolt hits you!
* * * LOW HITPOINT WARNING * * *
Your body deteriorates!
You feel dopey.
You barely miss Vashnia. Your bite misses Vashnia.
Vashnia is severely wounded.
Vashnia shoots a bolt.
The bolt hits you!!
You die...

... ... .N
.N #N #§
#N####
#.@†.##
####..###
##...#
#...###
#.....#
#.....###
#.......#
#...###...#
#.^.# ...#


You could see Vashnia and 3 naga sharpshooters.

Vanquished Creatures
  2 vampire knights (D:15)
  A yaktaur captain (D:15)
  A fire dragon (Lair:6)
  Fannar (D:12)
  2 naga warriors (Snake:1)
  Harold (D:8)
  Erica (D:8)
  6 hydras
  A vault guard (D:13)
  3 centaur warriors
  4 two-headed ogres
  2 naga sharpshooters (Snake:1)
  4 skeletal warriors (D:13)
  An unseen horror (D:13)
  A naga ritualist (Snake:1)
  A swamp dragon (Lair:6)
  An orc knight (D:14)
  A mana viper (Snake:1)
  A wolf spider zombie (D:14)
  3 deep elf magi
  An ugly thing (D:12)
  2 manticores
  2 cyclopes
  2 centaur zombies
  8 black mambas
  A torpor snail (Lair:5)
  6 rime drakes
  18 spiny frogs
  4 gargoyles
  3 centaur skeletons
  Maggie (D:6)
  7 komodo dragons
  A kobold demonologist (D:12)
  An efreet (D:15)
  A yaktaur (D:15)
  7 trolls
  2 tyrant leeches (D:15)
  5 polar bears
  A jumping spider (shapeshifter) (D:13)
  A hornet (D:13)
  9 slime creatures (D:13)
  19 blink frogs
  2 dream sheep (D:12)
  11 hippogriffs
  A harpy skeleton (D:15)
  A centaur simulacrum (D:13)
  2 wraiths (D:15)
  4 vampires
  2 shadows
  6 wyverns
  3 basilisks
  52 yaks
  4 hungry ghosts
  Sigmund (D:6)
  6 nagas
  12 vampire mosquitoes
  A steam dragon (Lair:6)
  A soldier ant (D:10)
  11 water moccasins
  3 acid dragons
  7 porcupines
  Duvessa (D:7)
  A swamp drake (Lair:6)
  4 ice beasts
  8 orc warriors
  2 black bears
  5 sky beasts
  A hornet zombie (D:12)
  A necrophage (D:11)
  5 ogres
  4 phantoms
  14 wolves
  19 centaurs
  20 crocodiles
  8 big kobolds
  A wyvern zombie (D:10)
  17 bullfrogs
  An earth elemental (D:13)
  Dowan (D:7)
  A scorpion (D:14)
  12 killer bees
  8 wights
  4 electric eels
  3 howler monkeys
  4 crimson imps
  7 hounds
  A wyvern simulacrum (D:13)
  9 orc priests
  2 bullfrog skeletons
  3 jellies (D:6)
  18 orc wizards
  6 iguanas
  7 worker ants
  7 hell rats (Lair:6)
  A bullfrog simulacrum (D:10)
  2 hound skeletons
  4 worker ant zombies
  2 howler monkey skeletons
  A howler monkey zombie (D:6)
  11 adders
  2 shadow imps
  5 white imps
  An adder zombie (D:6)
  6 oozes
  An adder skeleton (D:4)
  A worm (D:2)
  An adder simulacrum (D:10)
  A dart slug (D:1)
  6 leopard geckos
  60 orcs
  6 bats
  4 giant cockroaches
  4 goblins
  6 hobgoblins
  12 jackals
  17 kobolds
  2 ball pythons
  6 frilled lizards
  A giant cockroach zombie (D:5)
  A jackal skeleton (D:4)
  A leopard gecko skeleton (D:6)
  9 rats
649 creatures vanquished.

Vanquished Creatures (collateral kills)
  6 yaks (Lair:1)
  A water moccasin (Lair:1)
  2 killer bees (D:10)
9 creatures vanquished.

Vanquished Creatures (others)
  An iguana (Lair:6)
  2 orcs
  14 fungi
  11 plants
28 creatures vanquished.

Grand Total: 686 creatures vanquished

Notes
Turn   | Place    | Note
-------+----------+-------------------------------------------
     0 | D:1      | tkbsonic5 the Vine Stalker Assassin began the quest for the
                  | Orb.
     0 | D:1      | Reached XP level 1. HP: 11/11 MP: 2/2
     6 | D:1      | Found an iron altar of Okawaru.
    25 | D:1      | Reached skill level 5 in Stealth
   398 | D:1      | Reached XP level 2. HP: 15/15 MP: 3/3
   858 | D:2      | Reached XP level 3. HP: 18/18 MP: 4/4
   917 | D:2      | Found a bloodstained altar of Trog.
  1799 | D:3      | Found a glowing golden altar of the Shining One.
  1890 | D:3      | Reached skill level 6 in Stealth
  1900 | D:3      | Gained mutation: Your natural rate of healing is unusually
                  | fast. [Vine Stalker growth]
  1900 | D:3      | Reached XP level 4. HP: 17/23 MP: 5/5
  2089 | D:3      | Reached skill level 1 in Dodging
  2093 | D:3      | Reached XP level 5. HP: 15/27 MP: 6/6
  2149 | D:3      | Found an iron altar of Okawaru.
  2150 | D:3      | Noticed a water elemental
  2218 | D:3      | Became a worshipper of Warmaster Okawaru
  2360 | D:3      | Reached XP level 6. HP: 32/32 MP: 7/7
  2384 | D:3      | Found a stormy altar of Qazlal.
  2386 | D:3      | Noticed a fire elemental
  2387 | D:3      | Noticed an air elemental
  2992 | D:4      | Found a shadowy altar of Dithmenos.
  3321 | D:5      | Entered Level 5 of the Dungeon
  3402 | D:5      | Reached * piety under Okawaru
  3402 | D:5      | Reached XP level 7. HP: 35/36 MP: 6/8
  3405 | D:5      | Reached skill level 7 in Stealth
  3405 | D:5      | Reached skill level 1 in Invocations
  3793 | D:6      | Reached skill level 1 in Armour
  3825 | D:6      | Reached ** piety under Okawaru
  3825 | D:6      | Gained mutation: You have razor-sharp teeth. [Vine Stalker
                  | growth]
  3825 | D:6      | Reached XP level 8. HP: 11/42 MP: 1/10
  3947 | D:6      | Found Awnexeocw's Armour Boutique.
  3958 | D:6      | Bought a +1 pair of gloves of dexterity for 181 gold pieces
  4399 | D:6      | Found Ecau's Jewellery Shop.
  4451 | D:6      | Noticed Maggie
  4473 | D:6      | Killed Maggie
  4473 | D:6      | Reached skill level 8 in Stealth
  4473 | D:6      | Reached skill level 1 in Evocations
  4557 | D:6      | Noticed Sigmund
  4571 | D:6      | Killed Sigmund
  4642 | D:6      | Found Soilodgho's Superlative Supplies.
  4787 | D:6      | Reached *** piety under Okawaru
  4787 | D:6      | Reached XP level 9. HP: 33/46 MP: 6/12
  4887 | D:6      | Reached skill level 5 in Short Blades
  4934 | D:6      | Received a gift from Okawaru
  4987 | D:6      | Found a shattered altar of Ashenzari.
  5116 | D:6      | Found a bloodstained altar of Trog.
  5128 | D:6      | Reached skill level 5 in Fighting
  5450 | D:7      | Found a staircase to the Ecumenical Temple.
  5580 | D:7      | Noticed Dowan
  5597 | D:7      | Noticed Duvessa
  5615 | D:7      | Killed Duvessa
  5617 | D:7      | Killed Dowan
  5905 | D:8      | Noticed Erica
  5913 | D:8      | Killed Erica
  5913 | D:8      | Reached skill level 9 in Stealth
  5913 | D:8      | Reached XP level 10. HP: 39/51 MP: 12/14
  5917 | D:8      | Reached **** piety under Okawaru
  6045 | D:8      | Found a hide-covered altar of Uskayaw.
  6099 | D:8      | Noticed a two-headed ogre
  6111 | D:8      | Killed a two-headed ogre
  6136 | D:8      | Reached skill level 5 in Invocations
  6341 | D:8      | Noticed Harold
  6352 | D:8      | Killed Harold
  6352 | D:8      | Reached ***** piety under Okawaru
  6352 | D:8      | Reached skill level 1 in Long Blades
  6613 | D:8      | Found a runed translucent gate.
  6613 | D:8      | Found a runed translucent gate.
  6613 | D:8      | Found a runed translucent gate.
  6615 | D:8      | Noticed a nine-headed hydra
  6615 | D:8      | Noticed bisexualwizard's ghost (novice OpMo)
  6644 | D:8      | Found a sparkling altar of Nemelex Xobeh.
  6709 | D:8      | Found a hazy altar of Hepliaklqana.
  6709 | D:8      | Found a shadowy altar of Dithmenos.
  6713 | D:8      | Found a shimmering blue altar of Sif Muna.
  6827 | D:9      | Found a staircase to the Lair.
  6878 | D:9      | Got a sapphire-encrusted leather armour
  6887 | D:9      | Identified the +0 leather armour "Zuodei" {rF+ rC+ Int+6}
                  | (You found it on level 9 of the Dungeon)
  6903 | D:9      | Learned a level 4 spell: Airstrike
  6912 | D:9      | Learned a level 1 spell: Shock
  6915 | D:9      | Learned a level 2 spell: Swiftness
  6917 | D:9      | Learned a level 1 spell: Freeze
  7124 | D:9      | Found a shimmering blue altar of Sif Muna.
  7196 | D:9      | Received a gift from Okawaru
  7388 | D:9      | Found a glowing silver altar of Zin.
  7435 | D:10     | Entered Level 10 of the Dungeon
  7493 | D:10     | Reached skill level 10 in Stealth
  7494 | D:10     | Was placed under penance by Okawaru
  7672 | D:10     | Noticed roflc0ptic's ghost (novice OpTm)
  7676 | D:10     | Found a transporter.
  7693 | D:10     | Reached XP level 11. HP: 56/56 MP: 16/16
  7708 | D:10     | Reached skill level 1 in Air Magic
  7712 | D:10     | Reached skill level 5 in Dodging
  7724 | D:10     | Got a crystal arbalest
  7725 | D:10     | Identified the +4 arbalest of Metiw {elec, rElec rPois rN++
                  | MP-9} (You found it on level 10 of the Dungeon)
  7852 | D:10     | Found a transporter.
  7860 | D:10     | Reached skill level 1 in Crossbows
  7885 | D:10     | Was forgiven by Okawaru
  8022 | D:10     | Found a staircase to the Orcish Mines.
  8319 | D:6      | Bought a +2 buckler of resistance for 456 gold pieces
  8727 | D:10     | Received a gift from Okawaru
  9420 | D:11     | Reached skill level 5 in Armour
  9806 | D:11     | Found a sparkling altar of Nemelex Xobeh.
 10593 | Lair:1   | Entered Level 1 of the Lair of Beasts
 10624 | Lair:1   | Noticed a four-headed hydra
 10631 | Lair:1   | Killed a one-headed hydra
 10631 | Lair:1   | Received a gift from Okawaru
 10881 | D:6      | Bought an uncursed ring of stealth for 175 gold pieces
 11223 | Lair:1   | Got a transparent flail
 11565 | Lair:1   | Identified the cursed +3 flail "Liquus" {freeze, Int+4
                  | Dex+8} (You found it on level 1 of the Lair of Beasts)
 11584 | Lair:1   | Gained mutation: You heal very quickly. [Vine Stalker
                  | growth]
 11584 | Lair:1   | Reached XP level 12. HP: 63/63 MP: 8/17
 11934 | Lair:1   | Noticed an eight-headed hydra
 11942 | Lair:1   | Killed an eight-headed hydra
 11942 | Lair:1   | Received a gift from Okawaru
 11967 | Lair:1   | Received a gift from Okawaru
 13248 | Lair:3   | Reached skill level 5 in Long Blades
 13273 | Lair:3   | Reached skill level 11 in Stealth
 14355 | Lair:4   | Got a twisted chain mail
 14385 | Lair:4   | Reached XP level 13. HP: 68/68 MP: 19/19
 14556 | Lair:4   | Found a staircase to the Shoals.
 14685 | Lair:4   | Found a staircase to the Snake Pit.
 15503 | Lair:5   | Reached skill level 1 in Maces & Flails
 15704 | Lair:5   | Reached skill level 1 in Slings
 15932 | Lair:5   | Received a gift from Okawaru
 16322 | Lair:6   | Entered Level 6 of the Lair of Beasts
 16343 | Lair:6   | Got an ancient spear
 16344 | Lair:6   | Identified the cursed +3 spear "Dragonslayer" {vorpal, MR+
                  | Int-2 Dex+6} (You found it on level 6 of the Lair of
                  | Beasts)
 16359 | Lair:6   | Identified the cursed +0 chain mail of Melancholy {rCorr}
                  | (You found it on level 4 of the Lair of Beasts)
 16629 | Lair:6   | Gained mutation: Your body sometimes deteriorates upon
                  | taking damage. [potion of mutation]
 16629 | Lair:6   | Gained mutation: You are agile. (Dex +2) [potion of
                  | mutation]
 17306 | Lair:6   | Found a runed translucent gate.
 17306 | Lair:6   | Found a runed translucent gate.
 17306 | Lair:6   | Found a runed translucent gate.
 17411 | Lair:6   | Noticed Gadfly's ghost (journeyman TrGl)
 17418 | Lair:6   | Found a viscous altar of Jiyva.
 17418 | Lair:6   | Found a staircase to the Slime Pits.
 17613 | Lair:6   | Noticed a fire dragon
 17645 | Lair:6   | Killed a fire dragon
 17874 | Lair:6   | Reached skill level 12 in Stealth
 18022 | Lair:6   | Identified a scroll of acquirement
 18022 | Lair:6   | Acquired a +4 double sword of holy wrath
 18045 | Lair:6   | Reached XP level 14. HP: 71/75 MP: 21/21
 19686 | D:12     | You fall into a shaft and drop 3 floors!
 19686 | D:15     | Entered Level 15 of the Dungeon
 20119 | D:14     | Received a gift from Okawaru
 20143 | D:14     | Reached skill level 1 in Shields
 20368 | D:14     | Reached skill level 1 in Staves
 21306 | D:15     | Reached ****** piety under Okawaru
 21354 | D:15     | Found a staircase to the Depths.
 21395 | D:15     | Noticed a vampire knight
 21418 | D:15     | Killed a vampire knight
 21418 | D:15     | Received a gift from Okawaru
 21671 | D:15     | Found the +12 Vampire's Tooth {vamp}
 21677 | D:15     | Noticed a vampire knight
 21699 | D:15     | Killed a vampire knight
 21699 | D:15     | Received a gift from Okawaru
 21702 | D:15     | Reached skill level 10 in Fighting
 22215 | D:13     | Found Gaijuoje's Armour Shoppe.
 22343 | D:13     | Found a gate to the Vaults.
 22377 | D:13     | Reached XP level 15. HP: 80/80 MP: 22/22
 22388 | D:13     | Received a gift from Okawaru
 22515 | D:13     | Found a frozen archway.
 22595 | D:13     | Found Ekyrausy's Pet Rocks.
 23425 | D:12     | Noticed Fannar
 23442 | D:12     | Killed Fannar
 24408 | Snake:1  | Entered Level 1 of the Snake Pit
 24440 | Snake:1  | Found an opulent altar of Gozag.
 24537 | Snake:1  | Learned a level 1 spell: Corona
 24559 | Snake:1  | Received a gift from Okawaru
 25063 | Snake:1  | Reached skill level 13 in Stealth
 25488 | Snake:2  | Noticed Vashnia
 25488 | Snake:2  | Noticed a nagaraja
 25510 | Snake:2  | HP: 1/81 [naga sharpshooter/bolt[Vashnia] (17)]
 25511 | Snake:2  | Shot with a bolt by Vashnia

Illustrated notes

Levels and vault maps discovered:
D:1:      dpeg_arrival_lava_altar, layout_rooms, serial_bayou_lagoon_a
D:2:      layout_basic, bloody_trog
D:3:      layout_rooms, tso_metal_star, nicolae_overflow_crystal_walls,
          minivault_4, serial_bayou_pond_c, nicolae_qazlal_style_of_elements
D:4:      layout_loops_cross, first_ration, nicolae_dithmenos_shadow_blocks
D:5:      layout_rooms, serial_corexii_hall, corexii_hall_statues_u,
          chequers_hall_statues_y, chequers_mini_garden, minmay_statues_item
D:6:      cheibrodos_helix_gallery, layout_basic, evilmike_ruin_ashenzari,
          serial_shops, shop_fountains,
          nicolae_shop_competitors_out_of_business, nicolae_alphabet_shops,
          trog_butcher_becter, uniq_sigmund, uniq_maggie
D:7:      cheibrodos_two_vegetables, layout_cave_pools,
          minmay_temple_entry_mini_moons, uniq_duvessa
D:8:      layout_gridville, nicolae_overflow_hidden_temple,
          gammafunk_ghost_hydra_chop, uniq_erica, uniq_harold
D:9:      layout_long_grid, zin_treasury, lair_entry_dummy, basic_altar
D:10:     minmay_klotski, layout_long_grid, hiddenorc1_lemuel, serial_ice,
          serial_ice_k, serial_ice_f, serial_ice_m, serial_ice_a,
          gammafunk_ghost_arena
D:11:     layout_stronghold, basic_altar
D:12:     layout_basic, hangedman_ranch [blue_anna_fruit_fields],
          kennysheep_nub, kennysheep_another_room, uniq_fannar
D:13:     layout_stronghold, david_vaults_5,
          portal_ice_cave_entry_animals_and_master, serial_shops,
          kennysheep_mini, serial_ice, serial_ice_i, serial_ice_d, serial_ice_n,
          serial_ice_g, guppyfry_shop_earth
D:14:     layout_irregular_city, grunt_decor_clamped
D:15:     grunt_enter_depths_snipers, layout_irregular_city, kennysheep_doodads,
          minmay_guarded_unrand_vampires_tooth
Lair:1:   layout_concentric_octagons
Lair:2:   layout_cave_pods
Lair:3:   layout_cave_pods, grunt_megastairs_4
Lair:4:   layout_small_grid, shoals_dummy_entry, guppyfry_snake_entry_garden,
          grunt_megastairs_5
Lair:5:   layout_regular_city, chequers_serial_rivers_marsh
Lair:6:   guppyfry_lair_end_dragon, layout_small_grid,
          dpeg_slime_entry_enclosed_altar, ebering_ghost_rock_garden,
          chequers_serial_rivers_small_3
Snake:1:  layout_onion_interference, basic_altar
Snake:2:  layout_misc_corridors, serial_shops,
          nicolae_shop_competitors_out_of_business, grunt_megastairs_2,
          lemuel_fruit_tree, uniq_aizul, uniq_nikola, uniq_vashnia

Skill      XL: |  1  2  3  4  5  6  7  8  9 10 11 12 13 14 15 |
---------------+----------------------------------------------+-----
Stealth        | 5 6 7 8 9 10 11 12 13 | 13.1
Short Blades   | 2 3 4 5 6 |  6.7
Fighting       | 2 3 4 5 6 7 8 9 10 | 10.8
Dodging        | 1 2 3 4 5 6 7 8 |  8.3
Throwing       | 2 3 4 |  4.9
Invocations    | 2 3 4 5 6 7 8 9 |  9.7
Armour         | 1 2 3 4 5 6 7 |  7.8
Evocations     | 1 2 3 4 |  4.6
Long Blades    | 2 4 5 6 7 |  7.1
Air Magic      | 1 |  1.0
Crossbows      | 3 4 |  4.9
Maces & Flails | 2 |  2.8
Slings         | 2 3 4 |  4.5
Shields        | 1 3 |  3.0
Staves         | 4 |  4.1
Polearms       | |  0.1
Spellcasting   | |  0.7

Action                   |  1- 3 |  4- 6 |  7- 9 | 10-12 | 13-15 || total
-------------------------+-------+-------+-------+-------+-------++-------
Melee: Dagger            |     7 |       |       |       |       ||     7
       Bite              |    17 |    42 |    68 |   207 |   426 ||   760
       Short sword       |    74 |   136 |   196 |   119 |    16 ||   541
       Punch             |       |       |     2 |     2 |       ||     4
       Scimitar          |       |       |       |   275 |    27 ||   302
       Long sword        |       |       |       |    21 |    34 ||    55
       Great sword       |       |       |       |    24 |    58 ||    82
       Battleaxe         |       |       |       |    12 |       ||    12
       Flail             |       |       |       |       |   134 ||   134
       Double sword      |       |       |       |       |   101 ||   101
       Quick blade       |       |       |       |       |   339 ||   339
       Lajatang          |       |       |       |       |   100 ||   100
 Fire: Arbalest          |       |       |       |    72 |    18 ||    90
       Hunting sling     |       |       |       |       |    15 ||    15
Throw: Dart              |    45 |    45 |    27 |    92 |    75 ||   284
       Javelin           |       |     9 |    33 |    52 |   122 ||   216
       Boomerang         |       |       |       |    30 |   103 ||   133
       Throwing net      |       |       |       |     7 |     1 ||     8
Invok: Heroism           |       |       |     7 |     7 |    16 ||    30
       Finesse           |       |       |       |     4 |    11 ||    15
Evoke: Wand              |       |       |    15 |    32 |    64 ||   111
       Tin of tremorston |       |       |       |       |     9 ||     9
  Use: Scroll            |     4 |     4 |     3 |    17 |    18 ||    46
       Potion            |     1 |     1 |    11 |     4 |     9 ||    26
 Stab: Sleeping          |     2 |     3 |     3 |     7 |    17 ||    32
       Invisible         |       |       |     2 |     6 |    10 ||    18
       Held in net/web   |       |       |       |     2 |       ||     2
       Confused          |       |       |       |     2 |       ||     2
       Distracted        |       |       |       |     1 |     3 ||     4
       Paralysed         |       |       |       |     1 |       ||     1
  Eat: Chunk             |     3 |     2 |     4 |     7 |     9 ||    25
       Ration            |       |     2 |       |     8 |     8 ||    18
Armor: Robe              |    12 |     3 |       |       |       ||    15
       Skin              |     3 |     8 |    20 |       |       ||    31
       Ring mail         |       |     8 |    21 |       |       ||    29
       Swamp dragon scal |       |       |    30 |   102 |   211 ||   343
       Chain mail        |       |       |       |    68 |       ||    68
       Plate armour      |       |       |       |       |    42 ||    42
Dodge: Dodged            |    35 |    47 |    83 |   263 |   497 ||   925
Block: Buckler           |       |       |       |       |    98 ||    98
       Rpst.: Scimitar   |       |       |       |    49 |    11 ||    60
       Long sword        |       |       |       |     2 |     9 ||    11
       Great sword       |       |       |       |     4 |     5 ||     9
       Double sword      |       |       |       |       |    16 ||    16
